 Dungeon Crawl Stone Soup version 0.17-a0-1987-gaf5a542 (webtiles) character file.

164 4thArraOfDagon the Insei (level 5, -4/46 HPs)
             Began as a Draconian Monk on Oct 6, 2015.
             Was a Believer of Cheibriados.
             Slain by an orc
             ... wielding a +3 morningstar
              (7 damage)
             ... on level 7 of the Dungeon.
             The game lasted 00:02:46 (405 turns).

4thArraOfDagon the Insei (Draconian Monk)            Turns: 405, Time: 00:02:46

Health: -4/46      AC:  5    Str: 17    XL:     5   Next: 21%
Magic:  3/5        EV: 14    Int: 15    God:    Cheibriados [**....]
Gold:   0          SH:  0    Dex: 18    Spells: 0 memorised, 4 levels left

rFire  . . .     SeeInvis .       - Unarmed
rCold  . . .     Clarity  .     (armour unavailable)
rNeg   . . .     SustAt   +     (no shield)
rPois  .         Gourm    .     (helmet restricted)
rElec  .         Spirit   .     (no cloak)
rCorr  .         Warding  .     (no gloves)
rMut   .         Stasis   .     (no boots)
MR     .....                    (no amulet)
Stlth  ++........               (no ring)
                                b - ring of sustain attributes

@: lethally poisoned (-4 -> -6), very slow, not resistant to hostile
enchantments, unstealthy
A: unfitting armour, cold-blooded, AC +5
a: Bend Time, Renounce Religion


You were on level 7 of the Dungeon.
You worshipped Cheibriados.
Cheibriados was pleased with you.
You were not hungry.

You visited 2 branches of the dungeon, and saw 8 of its levels.

Inventory:

Jewellery
 b - a ring of sustain attributes (left hand)
Wands
 e - a wand of fire (1)
Comestibles
 a - a bread ration
 c - 6 chunks of flesh


   Skills:
 + Level 4.1 Fighting
 + Level 3.3 Dodging
 - Level 1.7 Stealth
 * Level 5.2 Unarmed Combat
 + Level 1.3 Invocations
 + Level 1.3 Evocations


You had 4 spell levels left.
You didn't know any spells.

Dungeon Overview and Level Annotations

Branches:
Dungeon (7/15)             Temple (1/1) D:6

Altars:
Ashenzari
Cheibriados
Dithmenos
Elyvilon
Gozag
Kikubaaqudgha
Makhleb
Nemelex Xobeh
Okawaru
Qazlal
Ru
Sif Muna
Trog
Vehumet
Xom
Yredelemnul
Zin
The Shining One

Annotations:
D:4 Natasha
D:6 Yermak's ghost, novice OpAs


Innate Abilities, Weirdness & Mutations

Your plain brown scales are hard (AC +5).
Your body does not fit into most forms of armour.
You are cold-blooded and may be slowed by cold attacks.


Message History

Found a potion of poison.
Unknown command.
Unknown command.
* * * LOW HITPOINT WARNING * * *
You feel sick.
Unknown command.
* * * LOW HITPOINT WARNING * * *
You feel sick. The orc completely misses you.
Unknown command.
Unknown command.
* * * LOW HITPOINT WARNING * * *
You feel sick.
Unknown command.
* * * LOW HITPOINT WARNING * * *
You feel sick.
You see here a potion of poison.
Unknown command.
Unknown command.
The orc hits you with an enchanted morningstar!
You die...

#.####.######...#.
..............#....
##.####.#####.#.##.
.........(..o......
#.####o#####[#.##.
##.####.####o#####.#.#
...........o........%.
#.####o####........o..
#@# #.#.####.§o.. #.#
#.#.# #..o.. #.# #+#+#
#..... #.# +..... #.#
#.# #.# #.+


You could see an orc.

Vanquished Creatures
  2 giant frogs
  A hound (D:6)
  A hound skeleton (D:6)
  2 adders
6 creatures vanquished.

Notes
Turn   | Place    | Note
--------------------------------------------------------------
     0 | D:1      | 4thArraOfDagon the Draconian Monk began the quest for the Orb.
     0 | D:1      | Reached XP level 1. HP: 19/19 MP: 1/1
   119 | D:3      | Noticed a giant frog skeleton
   140 | D:4      | Noticed a scorpion
   145 | D:4      | Noticed Natasha
   195 | D:5      | Entered Level 5 of the Dungeon
   202 | D:5      | Reached XP level 2. HP: 25/26 MP: 2/2
   263 | D:6      | Reached XP level 3. HP: 12/33 MP: 3/3
   277 | D:6      | Found a staircase to the Ecumenical Temple.
   283 | Temple   | Entered the Ecumenical Temple
   307 | Temple   | Became a worshipper of Cheibriados the Contemplative
   307 | Temple   | Acquired Cheibriados's first power
   324 | D:6      | Noticed a giant frog
   330 | D:6      | Killed a giant frog
   330 | D:6      | Reached skill level 5 in Unarmed Combat
   330 | D:6      | Reached XP level 4. HP: 37/40 MP: 4/4
   336 | D:6      | Noticed Yermak's ghost (novice OpAs)
   350 | D:7      | Reached skill level 1 in Evocations
   354 | D:7      | Noticed a giant frog
   366 | D:7      | Killed a giant frog
   366 | D:7      | Reached skill level 1 in Invocations
   366 | D:7      | Reached XP level 5. HP: 36/46 MP: 5/5
   393 | D:7      | :O
   393 | D:7      | OFC
   405 | D:7      | Slain by an orc

Vault maps used:
D:1:      dpeg_arrival_pits
D:2:      first_bread
D:4:      feat_on_display, uniq_natasha
D:5:      fedhas_altar_1
D:6:      minmay_temple_entry_metal_lava
D:7:      uniq_menkaure
Temple:   grunt_circular_temple_18

Action                   |  1- 3 |  4- 6 || total
-------------------------+-------+-------++-------
Melee: Unarmed           |     5 |    17 ||    22
Invok: Bend Time         |       |     1 ||     1
Evoke: Wand              |     2 |       ||     2
  Use: Potion            |     4 |     1 ||     5
